 Dungeon Crawl Stone Soup version 0.28-a0-987-g8383568036 (webtiles) character file.

Game seed: 623744683928473044

247 Froggeryz the Cudgeller (level 6, -4/37 HPs)
             Began as a Gargoyle Cinder Acolyte on Dec 4, 2021.
             Was a High Priest of Ignis.
             Slain by Pikel (5 damage)
             ... on level 3 of the Dungeon.
             The game lasted 00:04:23 (5426 turns).

Froggeryz the Cudgeller (Gargoyle Cinder Acolyte)   Turns: 5426, Time: 00:04:24

Health: -4/37      AC: 15    Str: 20    XL:     6   Next: 11%
Magic:  7/7        EV:  9    Int: 14    God:    Ignis [*****.]
Gold:   11         SH:  0    Dex:  5    Spells: 7/7 levels left

rFire   + + .      SeeInvis .   a - -1 mace (flame)
rCold   + . .      Faith    .   (no shield)
rNeg    + . .      Spirit   .   g - +0 scale mail
rPois   ∞          Reflect  .   (no helmet)
rElec   +          Harm     .   b - scarf {shadows}
rCorr   +          Rampage  .   (no gloves)
Will    .....                   (no boots)
Stlth   ..........              (no amulet)
HPRegen 0.12/turn               o - +4 ring of protection
MPRegen 0.10/turn               (no ring)

@: resistant
A: sickness immunity, AC +4, negative energy resistance 1, electricity
resistance, torment resistance 1, petrification resistance
a: Renounce Religion, Fiery Armour, Foxfire Swarm, Rising Flame


You were on level 3 of the Dungeon.
You worshipped Ignis.
Ignis was extremely pleased with you.
You visited 1 branch of the dungeon, and saw 4 of its levels.

You collected 167 gold pieces.
You spent 156 gold pieces at shops.

Inventory:

Hand Weapons
 a - a -1 mace of flaming (weapon)
 n - a +0 morningstar
 p - a +0 flail
Armour
 b - a scarf of shadows (worn)
 g - a +0 scale mail (worn)
Jewellery
 o - a +4 ring of protection (left hand)
Wands
 e - a wand of acid (4)
Scrolls
 f - 4 scrolls of teleportation
Potions
 c - 2 potions of curing {unknown}
 d - 2 potions of cancellation
 i - a potion of mutation {unknown}
 k - a potion of attraction {unknown}
 l - a potion of might {unknown}
 m - a potion of degeneration {unknown}


   Skills:
 - Level 3.2 Fighting
 * Level 5.7 Maces & Flails
 - Level 3.3 Armour
 - Level 1.0 Spellcasting
 - Level 3.0 Fire Magic


You had 7 spell levels left.
You didn't know any spells.
Your spell library contained the following spells:

 Spells                   Type           Power      Damage    Failure   Level
 Scorch                   Fire           18%        2d6       32%         2
 Ensorcelled Hibernation  Hex/Ice        0%         N/A       73%         2
 Tukima's Dance           Hex            0%         N/A       91%         3


Dungeon Overview and Level Annotations

Branches:
Dungeon (4/15)
 Temple: D:4-7

Altars:
Dithmenos
Kikubaaqudgha

Shops:
D:1 *

Annotations:
D:3 Pikel


Innate Abilities, Weirdness & Mutations

You are immune to sickness and miasma.
Your stone body is resilient. (AC +4)
You are immune to poison.
You resist negative energy. (rN+)
You are resistant to electric shocks. (rElec)
You are resistant to unholy torment.
You are immune to petrification.


Message History

Press: ? - help, v - describe, . - travel
Here: Pikel, wielding a +1 whip of flaming and wearing a +0 robe The floor.
Unknown command.
The orc hits you but does no damage.
There is a stone staircase leading up here.
You closely miss the orc. The orc closely misses you.
You hit the orc. You burn the orc.
The orc is severely wounded.
The orc hits you with a +0 war axe. The orc hits you with a +0 war axe.
Pikel hits you but does no damage.
You climb upwards.
There is a stone staircase leading down here.
Pikel closely misses you.
You hit the orc. You burn the orc.
You kill the orc!
You barely miss Pikel.
Pikel hits you with a +1 whip of flaming.
Pikel burns you.
You are too injured to fight recklessly!
You are too injured to fight recklessly!
You closely miss Pikel.
Pikel hits you with a +1 whip of flaming.
Pikel burns you.
You hit Pikel but do no damage. Pikel hits you but does no damage.
You hit Pikel but do no damage.
Pikel hits you with a +1 whip of flaming.
You hit Pikel but do no damage. Pikel closely misses you.
Okay, then.
You barely miss Pikel.
Pikel hits you with a +1 whip of flaming!
* * * LOW HITPOINT WARNING * * *
Pikel burns you.
* * * LOW HITPOINT WARNING * * *
Pikel hits you with a +1 whip of flaming.
* * * LOW HITPOINT WARNING * * *
It was a potion of resistance.
You feel protected.
Pikel hits you with a +1 whip of flaming.
You die...

.##.##...#### #.# #.##
##...###....#####.# #..#
...#...####.......# ##.##
##...###....#####.##########..##
.##.##...#######...............##
..#[#..###....##.###########.....
#.###[## #.##.##.# ##.... #..#..#
#.......# ###..
##.#.########.##@# ###
.#.#.#..#.......K#
.#...#.)#.###.##.#
.##.##..#.#...##)#
..#.#...#.#.####.#
#.#.#.###.#.....>#
#.#.#.....###...##
#.#.#...<##...### #...#####...###


You could see Pikel.

Vanquished Creatures
  A lemure (D:3)
  A centaur zombie (D:4)
  A centaur skeleton (D:4)
  4 gnolls
  7 adders
  An adder skeleton (D:4)
  A worm (D:2)
  3 dart slugs
  4 orcs (D:3)
  9 endoplasms
  4 giant cockroaches
  8 goblins
  4 hobgoblins
  5 kobolds
  5 quokkas
  4 ball pythons
  5 bats
  5 frilled lizards
  2 rats (D:1)
74 creatures vanquished.

Notes
Turn   | Place    | Note
-------+----------+-------------------------------------------
     0 | D:1      | Froggeryz the Gargoyle Cinder Acolyte began the quest for
                  | the Orb.
     0 | D:1      | Reached XP level 1. HP: 14/14 MP: 2/2
   249 | D:1      | Reached XP level 2. HP: 13/19 MP: 3/3
   486 | D:1      | Reached skill level 1 in Armour
  1117 | D:1      | Found Piptox's Assorted Antiques.
  1292 | D:2      | Reached XP level 3. HP: 23/23 MP: 4/4
  1324 | D:2      | You fall into a shaft and drop 1 floor!
  1515 | D:2      | Found a faded altar of an unknown god.
  1759 | D:2      | Reached skill level 4 in Maces & Flails
  1944 | D:2      | Found an ancient bone altar of Kikubaaqudgha.
  1972 | D:2      | Reached XP level 4. HP: 25/28 MP: 5/5
  2848 | D:3      | Found a shadowy altar of Dithmenos.
  3140 | D:3      | Reached XP level 5. HP: 32/32 MP: 6/6
  3571 | D:4      | Reached skill level 5 in Maces & Flails
  3998 | D:4      | Noticed a lemure
  3998 | D:4      | Noticed a lemure
  3999 | D:4      | Noticed a lemure
  4003 | D:4      | Noticed Pikel
  4466 | D:3      | Killed a lemure
  4963 | D:4      | Reached XP level 6. HP: 30/37 MP: 7/7
  5228 | D:1      | Bought a scroll labelled CAEMAU KEDUUMU for 32 gold pieces
  5228 | D:1      | Bought a scroll of teleportation for 96 gold pieces
  5228 | D:1      | Bought a bubbling coppery potion for 28 gold pieces
  5424 | D:3      | HP: 1/37 [Pikel (2)]
  5426 | D:3      | Slain by Pikel

Illustrated notes

Levels and vault maps discovered:
D:1:      elethiomel_arrival_quiet, layout_loops_ring, serial_shops,
          nicolae_shop_competitors_out_of_business
D:2:      layout_basic, ebering_ecumenical_altar_sacrificial, basic_altar
D:3:      minmay_general_purpose_star, layout_basic, grunt_dithmenos_smoke,
          minmay_large_rounded_square
D:4:      layout_cave_pools, minmay_misc_feat_enclosed, uniq_pikel

Skill      XL: |  1  2  3  4  5 |
---------------+----------------+-----
Armour         | 1 2 3 |  3.3
Maces & Flails | 4 5 |  5.7
Fighting       | |  3.2
Spellcasting   | |  1.0
Fire Magic     | |  3.0

Action                   |  1- 3 |  4- 6 || total
-------------------------+-------+-------++-------
Melee: Mace              |    82 |   223 ||   305
  Use: Scroll            |       |     7 ||     7
       Potion            |       |     1 ||     1
 Stab: Sleeping          |     1 |       ||     1
Armor: Robe              |    24 |       ||    24
       Scale mail        |    15 |   134 ||   149
Dodge: Dodged            |    46 |   110 ||   156

Table legend: (Time is in decaauts)
 A = Elapsed time spent in this place.
 B = Non-inter-level travel time spent in this place.
 C = Inter-level travel time spent in this place.
 D = Time resting spent in this place.
 E = Time spent auto-exploring this place.
 F = Levels seen in this place.
 G = Mean time per level.
                   A        B        C        D        E       F      G
               +--------+--------+--------+--------+--------+-----+--------+
         Total |   5485 |   5057 |    428 |   1482 |   2791 |   4 | 1371.2 |
       Dungeon |   5485 |   5057 |    428 |   1482 |   2791 |   4 | 1371.2 |
               +--------+--------+--------+--------+--------+-----+--------+

Top non-repeatable levels by time:
     D:3: 2332 daAuts
     D:2: 1402 daAuts
     D:1: 1361 daAuts
     D:4: 388 daAuts
